 Dungeon Crawl Stone Soup version 0.23-a0-169-gb21e69520c (console) character file.

62 Heliocid the Conjurer (level 3, 0/26 HPs)
             Began as a Draconian Conjurer on Sept 12, 2018.
             Slain by a gnoll
             ... wielding a +0 spear
              (8 damage)
             ... on level 2 of the Dungeon.
             The game lasted 00:09:39 (1142 turns).

Heliocid the Conjurer (Draconian Conjurer)          Turns: 1142, Time: 00:09:40

Health: 0/26       AC:  6    Str: 13    XL:     3   Next: 85%
Magic:  0/6        EV: 12    Int: 16    God:
Gold:   59         SH:  0    Dex: 11    Spells: 3/6 levels left

rFire    . . .     SeeInvis .   e - +0 short sword
rCold    . . .     Gourm    .   (no shield)
rNeg     . . .     Faith    .   (armour unavailable)
rPois    .         Spirit   +   (helmet restricted)
rElec    .         Reflect  .   (no cloak)
rCorr    .         Harm     .   c - +0 pair of gloves
MR       .....                  (no boots)
Stlth    ++........             k - amulet of guardian spirit
HPRegen  0.08/turn              o - +3 ring of strength
MPRegen  0.10/turn              (no ring)

@: no status effects
A: unfitting armour, cold-blooded, AC +5
a: no special abilities


You were on level 2 of the Dungeon.
You were not hungry.

You visited 1 branch of the dungeon, and saw 2 of its levels.

You collected 59 gold pieces.

Inventory:

Hand Weapons
 e - a +0 short sword (weapon)
 i - a +0 hunting sling
Missiles
 a - 28 stones (quivered)
Armour
 c - a +0 pair of gloves (worn)
Jewellery
 k - an amulet of guardian spirit (around neck)
 o - a +3 ring of strength (left hand)
Scrolls
 f - a scroll of identify
 j - a scroll of fog
 p - a scroll of teleportation {unknown}
Potions
 d - a potion of flight
 h - a potion of brilliance {unknown}
 l - a potion of degeneration {unknown}
 m - a potion of curing {unknown}
 n - a potion of invisibility {unknown}
Comestibles
 b - a ration
 g - 2 chunks of flesh


   Skills:
 + Level 0.2 Fighting
 + Level 0.3 Short Blades
 + Level 2.3 Dodging
 + Level 2.0 Stealth
 + Level 0.3 Unarmed Combat
 + Level 2.3 Spellcasting
 + Level 4.8 Conjurations


You had 3 spell levels left.
You knew the following spells:

 Your Spells              Type           Power        Failure   Level  Hunger
a - Magic Dart            Conj           ###.         2%          1    #......
b - Searing Ray           Conj           ###...       4%          2    ###....

Your spell library contained the following spells:

 Spells                   Type           Power        Failure   Level  Hunger
 Dazzling Spray           Conj/Hex       #.....       22%         3    ###....
 Iskenderun's Mystic Bla  Conj           ###.....     28%         4    #####..
 Force Lance              Conj/Tloc      #.......     58%         4    #####..
 Fulminant Prism          Conj/Hex       #.........   58%         4    #####..


Dungeon Overview and Level Annotations

Branches:
Dungeon (2/15)

Altars:


Innate Abilities, Weirdness & Mutations

Your plain brown scales are hard. (AC +5)
You cannot fit into any form of body armour.
You are cold-blooded and may be slowed by cold attacks.


Message History

You hit the kobold.
The kobold is severely wounded.
The gnoll misses you. The kobold misses you.
The gnoll hits you but does no damage. x2; The gnoll closely misses you.
The kobold hits you but does no damage. The gnoll barely misses you.
The gnoll barely misses you. The gnoll barely misses you.
You hit the gnoll. You tail-slap the gnoll.
The gnoll is moderately wounded.
The gnoll hits you with a flail.
You barely miss the gnoll.
The gnoll is moderately wounded.
You hit the gnoll but do no damage. You tail-slap the gnoll.
The gnoll is severely wounded.
The gnoll misses you. x2
You hit the gnoll.
You kill the gnoll!
The gnoll hits you from afar with a spear!
You die...

......####........## #...
#.#..##...#.......# #....
#.....#.#.........# .....
###.................# ......
....................# #......
..##...........gg...##....)..
#.............##g....÷.......
#.............##K######......
..........##....@.# .....
#.##.#.(..#####.....# ....
...#.......#...!#....... ...
.⌠.................$.... #.
...#.........########...
.###.......$..... ...
#.....#....g.... .?
................
##....#....#.....


You could see 3 gnolls and a kobold.

Vanquished Creatures
  A gnoll (D:2)
  2 oozes (D:1)
  3 leopard geckos (D:1)
  2 giant cockroaches (D:1)
  5 goblins
  5 hobgoblins (D:1)
  7 bats
  A frilled lizard (D:1)
  7 kobolds (D:1)
  4 rats
37 creatures vanquished.

Notes
Turn   | Place    | Note
-------+----------+-------------------------------------------
     0 | D:1      | Heliocid the Draconian Conjurer began the quest for the
                  | Orb.
     0 | D:1      | Reached XP level 1. HP: 14/14 MP: 3/3
   302 | D:1      | Reached XP level 2. HP: 20/20 MP: 3/5
   307 | D:1      | Learned a level 2 spell: Searing Ray
   773 | D:1      | Reached XP level 3. HP: 25/26 MP: 3/6
  1142 | D:2      | Slain by a gnoll

Vault maps used:
D:1:      nzn_arrival_settlement
D:2:      lemuel_round_altar, chequers_ecumenical_altar_twisty, first_ration,
          grunt_ministairs_13

Skill      XL: |  1  2  3 |
---------------+----------+-----
Dodging        | 2 |  2.3
Stealth        | 2 |  2.0
Fighting       | |  0.2
Short Blades   | |  0.3
Unarmed Combat | |  0.3
Spellcasting   | |  2.3
Conjurations   | |  4.8

Action                   || total
-------------------------++-------
Melee: Unarmed           ||    20
       Tailslap          ||     9
       Short sword       ||    51
 Cast: Magic Dart        ||    24
       Searing Ray       ||     4
  Use: Scroll            ||     2
 Stab: Sleeping          ||     1
  Eat: Chunk             ||     1
Armor: Skin              ||    35
Dodge: Dodged            ||    73

Table legend:
 A = Non-vault XP
 B = Vault XP
 C = Vault XP percentage of total XP
 D = Non-vault monster count
 E = Vault monster count
 F = Vault count percentage of total count
                 A         B        C        D         E       F
            +---------+---------+-------+---------+---------+-------
      Total |      89 |       0 |   0.0 |      37 |       0 |   0.0
            +---------+---------+-------+---------+---------+-------
        D:1 |      69 |       0 |   0.0 |      32 |       0 |   0.0
        D:2 |      20 |       0 |   0.0 |       5 |       0 |   0.0
            +---------+---------+-------+---------+---------+-------
